 Dungeon Crawl Stone Soup version 0.31-a0-344-gd109795599 (webtiles) character file.

Game seed: 13438286534776061505

3059 mopl the Martial Artist (level 9, -8/61 HPs)
             Began as an Octopode Shapeshifter on July 21, 2023.
             Was a Priest of Uskayaw.
             Mangled by a death yak (22 damage)
             ... on level 8 of the Dungeon.
             The game lasted 00:08:02 (5919 turns).

mopl the Martial Artist (Octopode Shapeshifter)     Turns: 5919, Time: 00:08:04

Health: -8/61      AC:  5    Str: 14    XL:     9   Next: 87%
Magic:  0/11       EV: 17    Int: 10    God:    Uskayaw [***...]
Gold:   94         SH:  0    Dex: 23    Spells: 8/8 levels left

rFire   . .          .
                       - Unarmed
rCold   . . .        (no shield)
rNeg    . . .        (helmet currently unavailable)
rPois   .            C - amulet of guardian spirit
rElec   .            e - ring of willpower
rCorr   +            n - +4 ring of protection
SInv    .            o - ring of resist corrosion
Will    +....        s - ring of wizardry
Stlth   +++          t - +6 ring of dexterity
HPRegen 0.30/turn    D - +4 ring of slaying
MPRegen 0.12/turn    (no ring)
                     (no ring)

%: guardian spirit, wizardry (x1)
@: beast-form
A: beast (slay +4), almost no armour, amphibious, 8 rings, camouflage 1,
gelatinous body 1, (nimble swimmer 1), tentacles
a: Begin Untransformation, Renounce Religion, Stomp, Line Pass


You were on level 8 of the Dungeon.
You worshipped Uskayaw.
Uskayaw was noncommittal.
You were a hulking beast.
You visited 2 branches of the dungeon, and saw 9 of its levels.

You collected 388 gold pieces.
You spent 294 gold pieces at shops.

Inventory:

Missiles
 v - 5 javelins (quivered)
 y - 2 boomerangs
 J - 4 silver boomerangs
Jewellery
 e - a ring of willpower (left tentacle)
 f - an amulet of reflection
 k - a ring of poison resistance
 n - a +4 ring of protection (right tentacle)
 o - a ring of resist corrosion (on tentacle)
 s - a ring of wizardry (on tentacle)
 t - a +6 ring of dexterity (on tentacle)
 C - an amulet of guardian spirit (around mantle)
 D - a +4 ring of slaying (on tentacle)
 G - the amulet of Wacyerao {Reflect Fragile rN++ Str+5 SH+5}
   (You bought it in a shop on level 1 of the Dungeon)

   [amulet of reflection]

   It reflects blocked missile attacks.
   Str:       It affects your strength (+5).
   rN:        It greatly protects you from negative energy.
   Fragile:   It will be destroyed if unequipped.
   SH:        It affects your SH (+5).
Talismans
 b - a beast talisman
Wands
 w - a wand of light (2)
 H - a wand of flame (15)
Scrolls
 c - a scroll of silence {unknown}
 d - a scroll of vulnerability
 g - a scroll of enchant weapon {unknown}
 h - 2 scrolls of amnesia {unknown}
 l - 4 scrolls of fear
 m - a scroll of fog {unknown}
 r - a scroll of noise {unknown}
 u - 2 scrolls of revelation {unknown}
 z - a scroll of enchant armour
 B - 2 scrolls of immolation {unknown}
 F - a scroll of butterflies
 I - 2 scrolls of teleportation
Potions
 a - 3 potions of lignification {!q}
 i - a potion of haste
 j - 4 potions of heal wounds
 p - 2 potions of mutation {!q}
 q - a potion of magic
 x - 3 potions of curing
 A - a potion of might
 E - a potion of brilliance


   Skills:
 + Level 5.2 Fighting
 + Level 5.5 Dodging
 * Level 8.1 Unarmed Combat
 + Level 3.0 Invocations
 * Level 7.1 Shapeshifting


You had 8 spell levels left.
You didn't know any spells.
Your spell library contained the following spells:

 Spells                   Type           Power      Damage    Failure   Level
 Ignite Poison            Fire/Tmut/Pois 0%         N/A       41%         3
 Animate Dead             Necr           0%         N/A       80%         4
 Sticky Flame             Conj/Fire      0%         2d3       80%         4
 Borgnjor's Vile Clutch   Necr/Erth      0%         N/A       98%         5
 Death Channel            Necr           0%         N/A       100%        6
 Ignition                 Fire           0%         3d3       100%        8


Dungeon Overview and Level Annotations

Branches:
Dungeon (8/15)             Temple (1/1) D:6            Lair (0/5) D:8

Altars:
Ashenzari
Cheibriados
Dithmenos
Elyvilon
Gozag
Makhleb
Nemelex Xobeh
Okawaru
Qazlal
Trog
Uskayaw
Vehumet
Wu Jian
Xom
Yredelemnul
Zin
The Shining One

Shops:
D:1 *   D:3 :   D:5 [

Annotations:
D:4 1 runed translucent door, Vorhees's ghost, amateur GnHu
D:5 dig
D:6 2 transporters rC


Innate Abilities, Weirdness & Mutations

You are a hulking beast.
Your limbs bulge with bestial killing power. (Slay +4)
You cannot wear most types of armour.
You are amphibious.
You can wear up to eight rings at the same time.
Your skin changes colour to match your surroundings (Stealth+).
Your rubbery body absorbs attacks. (AC +1, EV +1)
((You are camouflaged when in or above water. (Stealth+)))
You have tentacles for arms and can constrict up to eight enemies at once.


Message History

You constrict the orc. The orc barely misses you.
You bludgeon the orc!
You kill the orc!
A death yak comes into view.
The death yak bellows!
You bludgeon the orc!
You kill the orc!
You hear a bellow! x2
Items here: ))) [.
A death yak comes into view.
You tentacle-slap the death yak.
The death yak is lightly wounded.
The death yak gores you!!
You bludgeon the death yak! You squeeze the death yak!
The death yak is moderately wounded.
You can now pass through a line of other dancers.
You tentacle-slap the death yak.
You squeeze the death yak, but do no damage.
The death yak is heavily wounded.
A steam dragon comes into view.
The death yak gores you!!
* * * LOW HITPOINT WARNING * * *
You hear a bellow! x2
Aiming: Bolt of Light
Press: ? - help, Shift-Dir - straight line, f - death yak
Aim: a death yak (90% to hit)
The bolt of light hits the death yak.
The death yak is heavily wounded.
The death yak is blinded.
The bolt of light hits the death yak!
The death yak is lightly wounded.
The death yak is blinded.
The death yak barely misses you.
Uskayaw will force your foes to helplessly watch your dance.
Uskayaw prepares the audience for your solo!
The helpless death yak fails to defend itself.
You bludgeon the death yak! You squeeze the death yak.
The death yak is severely wounded.
The death yak is no longer paralysed.
The steam dragon is no longer paralysed.
The death yak gores you!!
You die...

#....# #####.....
#....# ##........>
#....# ##..........
#....# #...........
#..>.#####...........
#.......##...........
#.....#..#...........
#.....##.#...<.......
#....)†h.#.$)..g.....
#....###Y##....g.....
###### #.).......#...
##.#.=##.## ## #..#.#
.# ##.D.# .# #.#.# ..
..#.. #.....


You could see a death yak (blind) and a steam dragon.

Vanquished Creatures
  A death yak (D:8)
  A hornet (D:7)
  A steam dragon (D:6)
  Edmund (D:5)
  2 sky beasts
  3 black bears
  4 ice beasts
  A centaur (D:6)
  2 phantoms (D:5)
  A bullfrog (D:7)
  2 scorpions
  A wight (D:8)
  A howler monkey (D:7)
  4 hounds
  A jelly (D:5)
  A quasit (D:4)
  A gnoll bouda (D:8)
  4 orc priests
  3 iguanas
  Terence (D:2)
  2 sleepcaps (D:7)
  2 orc wizards
  3 gnolls (D:8)
  7 adders
  3 shadow imps
  3 white imps
  6 ufetubi
  2 worms
  3 dart slugs
  18 orcs
  6 bats
  5 endoplasms
  2 giant cockroaches
  8 goblins
  5 hobgoblins
  3 ball pythons
  4 frilled lizards
  7 kobolds
  7 rats
132 creatures vanquished.

Notes
Turn   | Place    | Note
-------+----------+-------------------------------------------
     0 | D:1      | mopl the Octopode Shapeshifter began the quest for the Orb.
     0 | D:1      | Reached XP level 1. HP: 13/13 MP: 1/1
    93 | D:1      | Found Zuchut's Assorted Antiques.
   116 | D:1      | Reached XP level 2. HP: 17/18 MP: 2/2
   865 | D:2      | Reached XP level 3. HP: 23/23 MP: 3/3
   934 | D:2      | Noticed Terence
   948 | D:2      | Killed Terence
  1001 | D:2      | Reached XP level 4. HP: 29/29 MP: 4/4
  1879 | D:3      | Found a faded altar of an unknown god.
  2019 | D:3      | Found Jieru's Book Emporium.
  2096 | D:3      | Found an iron altar of Okawaru.
  2479 | D:4      | Reached XP level 5. HP: 34/34 MP: 5/5
  2488 | D:4      | Reached skill level 2 in Fighting
  2488 | D:4      | Reached skill level 4 in Unarmed Combat
  2650 | D:4      | Reached skill level 4 in Shapeshifting
  2871 | D:4      | Reached skill level 3 in Dodging
  2871 | D:4      | Reached XP level 6. HP: 39/39 MP: 6/6
  2931 | D:4      | Found an opulent altar of Gozag.
  3096 | D:4      | Found a runed translucent door.
  3099 | D:4      | Noticed Vorhees's ghost (amateur GnHu)
  3331 | D:5      | Entered Level 5 of the Dungeon
  3530 | D:5      | Found Hiurchac's Armour Shoppe.
  3540 | D:5      | Reached skill level 5 in Unarmed Combat
  3541 | D:5      | Reached XP level 7. HP: 21/45 MP: 7/7
  3738 | D:5      | Reached skill level 3 in Fighting
  3776 | D:5      | Reached skill level 5 in Shapeshifting
  3852 | D:5      | Noticed Edmund
  3866 | D:5      | Killed Edmund
  3867 | D:5      | Reached XP level 8. HP: 42/52 MP: 8/8
  4005 | D:5      | Reached skill level 4 in Dodging
  4005 | D:5      | Reached skill level 6 in Unarmed Combat
  4089 | D:5      | Found a glowing silver altar of Zin.
  4435 | D:6      | Reached skill level 4 in Fighting
  4574 | D:6      | You fall into a shaft and drop 1 floor!
  4633 | D:6      | Found a transporter.
  4649 | D:6      | Reached skill level 6 in Shapeshifting
  4924 | D:1      | Bought a bubbling ruby potion for 18 gold pieces
  4924 | D:1      | Bought a scroll of fear for 80 gold pieces
  4924 | D:1      | Bought a golden potion for 18 gold pieces
  4924 | D:1      | Bought a warped lead amulet for 100 gold pieces
  4924 | D:1      | Identified the amulet of Wacyerao {Reflect Fragile rN++
                  | Str+5 SH+5} (You bought it in a shop on level 1 of the
                  | Dungeon)
  4924 | D:1      | Bought a scroll labelled XUTAGE OLIMASCH for 20 gold pieces
  4924 | D:1      | Bought a scroll labelled MUUVVA NUIM for 20 gold pieces
  4924 | D:1      | Bought a yellow potion for 18 gold pieces
  4924 | D:1      | Bought a scroll labelled PAOMUL QOTYKO for 20 gold pieces
  5191 | D:6      | Found a transporter.
  5215 | D:6      | Found a staircase to the Ecumenical Temple.
  5241 | Temple   | Entered the Ecumenical Temple
  5250 | Temple   | Became a worshipper of Uskayaw the Reveller
  5289 | D:6      | Reached * piety under Uskayaw
  5291 | D:6      | Reached skill level 7 in Unarmed Combat
  5417 | D:7      | Found a radiant altar of Vehumet.
  5423 | D:7      | Reached XP level 9. HP: 59/59 MP: 9/9
  5432 | D:7      | Reached ** piety under Uskayaw
  5434 | D:7      | Reached skill level 1 in Invocations
  5435 | D:7      | Reached *** piety under Uskayaw
  5610 | D:7      | Reached skill level 5 in Dodging
  5612 | D:7      | Noticed a hornet
  5614 | D:7      | Paralysed by a hornet for 1 turns
  5616 | D:7      | Killed a hornet
  5617 | D:7      | Reached skill level 2 in Invocations
  5617 | D:7      | Reached **** piety under Uskayaw
  5852 | D:8      | Noticed a death yak
  5852 | D:8      | Found a staircase to the Lair.
  5874 | D:8      | Killed a death yak
  5875 | D:8      | Reached skill level 5 in Fighting
  5875 | D:8      | Reached skill level 8 in Unarmed Combat
  5875 | D:8      | Reached skill level 7 in Shapeshifting
  5877 | D:8      | Reached ***** piety under Uskayaw
  5903 | D:8      | Reached skill level 3 in Invocations
  5910 | D:8      | Noticed a death yak
  5914 | D:8      | Noticed a death yak
  5919 | D:8      | Mangled by a death yak

Illustrated notes

Levels and vault maps discovered:
D:1:      lemuel_arrival_river_passageway, layout_loops_corners, serial_shops,
          shop_statue
D:2:      layout_basic, uniq_terence
D:3:      layout_basic, okawaru_ov_weapons_minmay, nicolae_ecumenical_oubliette,
          serial_shops, nicolae_book_shop_shelving, corexii_leaking_fountain
D:4:      layout_loops_ring, mainiacjoe_overflow_catwalk, serial_demonic,
          serial_demonic_f, serial_demonic_b, serial_demonic_c,
          serial_demonic_e, serial_demonic_f, serial_demonic_c,
          ebering_ghost_reflecting_pool, kennysheep_generic_room_6
D:5:      layout_loops_cross, zin_scriptorium, serial_shops,
          nicolae_shop_rolling_square, kennysheep_generic_room_13, uniq_edmund
D:6:      gammafunk_cloud_chamber, layout_basic, minmay_temple_entry_mist,
          roderic_cross_of_infinity, kennysheep_nub
D:7:      layout_loops_ring, nicolae_vehumet_radiance,
          chequers_temple_overflow_minitemple, grunt_ministairs_12
D:8:      layout_rooms, mainiacjoe_overflow_brackets, dpeg_lair_monsters,
          gammafunk_ghost_stat_death, serial_shops, shop, uniq_gastronok
Temple:   nicolae_temple_ecumenical_triangle

Skill      XL: |  1  2  3  4  5  6  7  8  9 |
---------------+----------------------------+-----
Fighting       | 2 3 4 5 |  5.2
Unarmed Combat | 4 5 7 8 |  8.1
Shapeshifting  | 4 5 6 7 |  7.1
Dodging        | 3 4 5 |  5.5
Invocations    | 3 |  3.0

Action                     |  1- 3 |  4- 6 |  7- 9 || total
---------------------------+-------+-------+-------++-------
  Melee: Unarmed           |    48 |   104 |   128 ||   280
         Constrict         |    13 |    31 |    32 ||    76
         Tentacles         |     7 |    14 |    42 ||    63
         Punch             |     3 |     8 |    10 ||    21
  Evoke: Wand              |       |     3 |     3 ||     6
    Use: Scroll            |       |     2 |    11 ||    13
         Potion            |       |     1 |       ||     1
   Stab: Sleeping          |     9 |    10 |     5 ||    24
         Paralysed         |       |       |     5 ||     5
 Armour: Skin              |     2 |    23 |    15 ||    40
  Dodge: Dodged            |    16 |    43 |    55 ||   114
  Block: Other             |     5 |    15 |     9 ||    29
         Reflection        |       |     1 |       ||     1

Table legend: (Time is in decaauts)
 A = Elapsed time spent in this place.
 B = Non-inter-level travel time spent in this place.
 C = Inter-level travel time spent in this place.
 D = Time resting spent in this place.
 E = Time spent auto-exploring this place.
 F = Levels seen in this place.
 G = Mean time per level.
                   A        B        C        D        E       F      G
               +--------+--------+--------+--------+--------+-----+--------+
         Total |   5892 |   5457 |    435 |    682 |   3752 |   9 |  654.7 |
       Dungeon |   5874 |   5448 |    426 |    682 |   3752 |   8 |  734.2 |
        Temple |     18 |      9 |      9 |      0 |      0 |   1 |   18.0 |
               +--------+--------+--------+--------+--------+-----+--------+

Top non-repeatable levels by time:
     D:2: 1106 daAuts
     D:5: 932 daAuts
     D:6: 898 daAuts
     D:4: 881 daAuts
     D:1: 877 daAuts
     D:3: 625 daAuts
     D:7: 490 daAuts
     D:8: 63 daAuts
  Temple: 18 daAuts
